 Dungeon Crawl Stone Soup version 0.14-a0-2723-gdc5d926 (console) character file.

21506 Garrluk the Severer (level 13, -20/97 (100) HPs)
             Began as a Formicid Fighter on Feb 19, 2014.
             Was a Priest of the Shining One.
             Engulfed by an ice statue's freezing vapour (22 damage)
             ... in an ice cave.
             The game lasted 00:54:18 (13600 turns).

Garrluk the Severer (Formicid Fighter)             Turns: 13600, Time: 00:54:18

HP -20/97 (100)  AC 18     Str 26      XL: 13   Next: 38%
MP  13/13        EV  7     Int  7      God: the Shining One [***...]
Gold 1430        SH 23     Dex 14      Spells:  0 memorised, 12 levels left

rFire  + . .     SeeInvis +     e - +3,+8 broad axe (freeze)
rCold  . . .     Clarity  .     b - +0 swamp dragon armour
rNeg   + . .     Conserve .     D - +2 dwarf shield
rPois  .         rCorr    .     (helmet unavailable)
rElec  .         rRot     .     g - +0 cloak
SustAb . .       Spirit   .     r - +1 pair of elf gloves {Str+3}
rMut   .         Warding  .     (no boots)
Saprov . . .     Stasis   +     (no amulet)
MR     +....                    y - +6 ring of protection
                                A - ring of protection from fire

@: glowing, somewhat resistant to hostile enchantments, extremely unstealthy
A: permanent stasis, dig shafts and tunnels, four strong arms, poison weakness,
antennae 3, exoskeleton 1
a: Dig, Shaft Self, Divine Shield, Renounce Religion


You were in an ice cave.
You worshipped the Shining One.
The Shining One was most pleased with you.
You were not hungry.

You visited 4 branches of the dungeon, and saw 17 of its levels.
You also visited: Ice Cave.

You collected 1430 gold pieces.

Notes
Turn   | Place    | Note
--------------------------------------------------------------
     0 | D:1      | Garrluk, the Formicid Fighter, began the quest for the Orb.
     0 | D:1      | Reached XP level 1. HP: 16/16 MP: 1/1
    55 | D:1      | Reached XP level 2. HP: 17/21 MP: 2/2
   284 | D:1      | Reached XP level 3. HP: 19/26 MP: 3/3
   936 | D:2      | Noticed Ijyb
   938 | D:2      | Noticed Jessica
   975 | D:1      | Killed Ijyb
   975 | D:1      | Reached skill level 4 in Axes
   975 | D:1      | Reached XP level 4. HP: 19/31 MP: 4/4
  1216 | D:2      | Killed Jessica
  1216 | D:2      | Reached XP level 5. HP: 20/36 MP: 5/5
  1652 | D:2      | Reached skill level 5 in Axes
  2178 | D:2      | Noticed Crazy Yiuf
  2194 | D:2      | Killed Crazy Yiuf
  2194 | D:2      | Reached XP level 6. HP: 12/42 MP: 6/6
  2795 | D:3      | Found a snail-covered altar of Cheibriados.
  2878 | D:3      | Found a bloodstained altar of Trog.
  2936 | D:3      | Reached skill level 6 in Axes
  3541 | D:4      | Reached XP level 7. HP: 46/46 MP: 7/7
  3718 | D:4      | Found Geubrecw's Antique Armour Boutique.
  4251 | D:5      | Entered Level 5 of the Dungeon
  4563 | D:5      | Noticed Blork the orc
  4579 | D:5      | Killed Blork the orc
  4579 | D:5      | Reached skill level 7 in Axes
  4929 | D:5      | Reached skill level 8 in Axes
  4929 | D:5      | Reached XP level 8. HP: 52/52 MP: 8/8
  5503 | D:6      | Reached skill level 9 in Axes
  5515 | D:6      | Found a staircase to the Ecumenical Temple.
  5534 | Temple   | Entered the Ecumenical Temple
  5584 | Temple   | Became a worshipper of the Shining One
  5760 | D:6      | Noticed an eight-headed hydra skeleton
  5790 | D:6      | Killed a one-headed hydra skeleton
  5975 | D:6      | Reached skill level 10 in Axes
  5975 | D:6      | Reached XP level 9. HP: 53/53 MP: 9/9
  6188 | D:6      | Found a shattered altar of Ashenzari.
  6600 | D:7      | Reached skill level 11 in Axes
  7568 | D:8      | Reached skill level 12 in Axes
  7577 | D:8      | Reached XP level 10. HP: 57/60 MP: 10/10
  7750 | D:8      | Acquired the Shining One's first power
  7938 | D:9      | Noticed Joseph
  7944 | D:8      | Killed Joseph
  7944 | D:8      | Reached skill level 13 in Axes
  8130 | D:8      | Reached skill level 14 in Axes
  8486 | D:9      | Reached XP level 11. HP: 64/64 MP: 11/11
  8765 | D:10     | Entered Level 10 of the Dungeon
  8867 | D:10     | Found a staircase to the Orcish Mines.
  9139 | D:10     | Reached skill level 15 in Axes
  9165 | D:10     | Noticed a hill giant
  9172 | D:10     | Killed a hill giant
  9310 | D:10     | Reached skill level 5 in Fighting
  9554 | D:10     | Found a staircase to the Lair.
  9883 | Lair:1   | Entered Level 1 of the Lair of Beasts
 10332 | Lair:1   | Acquired the Shining One's second power
 10447 | Lair:1   | Reached XP level 12. HP: 81/81 MP: 12/12
 10481 | Lair:1   | Noticed a six-headed hydra
 10491 | Lair:1   | Killed a ten-headed hydra
 11128 | Lair:2   | Reached skill level 10 in Fighting
 11235 | Orc:1    | Entered Level 1 of the Orcish Mines
 11392 | Orc:2    | Noticed Urug
 11401 | Orc:2    | Killed Urug
 11929 | Orc:1    | Noticed CrazyArbalest's ghost (powerful DsHu)
 11942 | Orc:1    | Killed CrazyArbalest's ghost
 12133 | Orc:1    | Found a roughly hewn altar of Beogh.
 12352 | Orc:3    | Found Bluqisel's Assorted Antiques.
 12602 | Orc:3    | Found a bloodstained altar of Trog.
 12799 | Orc:4    | Entered Level 4 of the Orcish Mines
 12811 | Orc:4    | Reached XP level 13. HP: 43/95 MP: 13/13
 12933 | Orc:4    | Found a roughly hewn altar of Beogh.
 12934 | Orc:4    | Noticed an orc high priest
 13033 | Orc:4    | Found a burning altar of Makhleb.
 13095 | Orc:4    | Killed an orc high priest
 13098 | Orc:4    | Found a roughly hewn altar of Beogh.
 13139 | Orc:4    | Found Ymunanaat's Antique Armour Shop.
 13149 | Orc:4    | Found a frozen archway.
 13165 | IceCv    | Entered an ice cave
 13599 | IceCv    | HP: 2/97 [ice statue] (16)]
 13600 | IceCv    | Engulfed by an ice statue's freezing vapour

Inventory:

Hand weapons
 e - a +3,+8 broad axe of freezing (weapon)
   (You took it off Blork the orc on level 5 of the Dungeon)
Missiles
 c - 6 large rocks
 h - 3 javelins (quivered)
 j - 7 silver javelins
Armour
 b - a +0 swamp dragon armour (worn)
   (You found it on level 5 of the Dungeon)
 g - a +0 cloak (worn)
   (You found it on level 5 of the Dungeon)
 r - a +1 pair of elven gloves of strength (worn)
   (You found it on level 7 of the Dungeon)
 D - a +2 dwarven shield (worn)
   (You found it on level 4 of the Dungeon)
Magical devices
 G - a wand of disintegration (23)
   (You found it on level 4 of the Dungeon)
 K - a wand of lightning (2)
   (You found it on level 1 of the Lair of Beasts)
Comestibles
 d - 6 bread rations
Scrolls
 i - 3 scrolls of fog
 l - 7 scrolls of remove curse
 n - 6 scrolls of identify
 I - 3 scrolls of fear
Jewellery
 y - a +6 ring of protection (right hand)
   (You found it on level 3 of the Dungeon)
 z - an uncursed ring of sustain abilities
   (You found it on level 3 of the Dungeon)
 A - a ring of protection from fire (left hand)
   (You found it on level 4 of the Dungeon)

Table legend:
 A = Turns spent in this place as a percentage of turns spent in the entire game.
 B = Non-inter-level travel turns spent in this place as a percentage of non-inter-level travel turns spent in the entire game.
 C = Inter-level travel turns spent in this place as a percentage of turns spent in this place.
 D = Turns resting spent in this place as a percentage of non-inter-level travel turns spent in this place.
 E = Turns spent auto-exploring this place as a percentage of non-inter-level travel turns spent in this place.
 F = Non-inter-level travel turns spent in this place divided by the number of levels of this place that you've seen.
                   A       B       C       D       E      F
               +-------+-------+-------+-------+-------+----------------------
         Total | 100.0 | 100.0 |   0.9 |   3.0 |   7.1 | 238.4
       Dungeon |  72.2 |  72.3 |   0.7 |   3.1 |   7.5 | 310.1
        Temple |   0.4 |   0.3 |  17.6 |   0.0 |  14.3 |  14.0
  Orcish Mines |  13.7 |  13.6 |   1.7 |   2.9 |   6.0 | 145.5
          Lair |   8.8 |   8.9 |   0.5 |   1.3 |   8.9 | 190.0
      Ice Cave |   4.9 |   5.0 |   0.0 |   4.7 |   0.0 | 214.0
               +-------+-------+-------+-------+-------+----------------------


   Skills:
 * Level 13.7 Fighting
 - Level 15.0 Axes
 + Level 3.6 Armour
 + Level 3.0 Shields


You had 12 spell levels left.
You didn't know any spells.

Dungeon Overview and Level Annotations

Branches:
Dungeon (10/16)            Temple (1/1) D:6             Orc (4/4) D:10
   Lair (2/8) D:10
    Elf: Orc:3-4

Altars:
Ashenzari
Cheibriados
Dithmenos
Elyvilon
Fedhas
Kikubaaqudgha
Makhleb
Nemelex Xobeh
Okawaru
Sif Muna
Trog
Vehumet
Xom
Yredelemnul
Zin
The Shining One
Beogh

Shops:
D:4 [   Orc:3 *   Orc:4 [

Annotations:
Orc:4 ! potions IceCv exclusion: 2 ice statues


Innate Abilities, Weirdness & Mutations

Your are under a permanent stasis effect.
You can dig through walls and to a lower floor.
Your four strong arms can wield any weapon, most with a shield.
You are susceptible to poison.
You have a pair of large antennae on your head (SInv).
Your body is surrounded by an exoskeleton. (AC +1)


Message History

An ice statue comes into view.
The ice statue throws cold at you. The freezing blast hits you!
You are engulfed in freezing vapours.
The ice statue throws ice at you. The shard of ice hits you!
You slash the ice statue!
The ice statue is moderately damaged.
You are engulfed in freezing vapours.
The ice statue throws cold at you. The bolt of cold hits you!
* * * LOW HITPOINT WARNING * * *
You slash the ice statue!
The ice statue is moderately damaged.
You are engulfed in freezing vapours.
* * * LOW HITPOINT WARNING * * *
You hit the ice statue.
The ice statue is heavily damaged.
You are engulfed in freezing vapours.
You die...

## ####8####
#§§@§§§§#
#§##+##§# #.# #.#
##.# { ##
####8.#####.8###
#...............#
#+######'######+
#.'.......§.#
###.8...8.###
#.'.......'.#


You could see an ice statue.

Table legend:
 A = Kills in this place as a percentage of kills in entire the game.
 B = Kills by you in this place as a percentage of kills by you in the entire game.
 C = Kills by friends in this place as a percentage of kills by friends in the entire game.
 D = Other kills in this place as a percentage of other kills in the entire game.
 E = Experience gained in this place as a percentage of experience gained in the entire game.
 F = Experience gained in this place divided by the number of levels of this place that you have seen.
                   A       B       C       D       E      F
               +-------+-------+-------+-------+-------+----------------------
         Total | 100.0 | 100.0 |  -nan |  -nan | 100.0 | 1593.4
       Dungeon |  58.4 |  58.4 |  -nan |  -nan |  33.0 | 945.5
  Orcish Mines |  28.3 |  28.3 |  -nan |  -nan |  32.4 | 2325.8
          Lair |  10.1 |  10.1 |  -nan |  -nan |  23.7 | 3392.5
      Ice Cave |   3.2 |   3.2 |  -nan |  -nan |  10.9 | 3138.0
               +-------+-------+-------+-------+-------+----------------------

Vanquished Creatures
  Monster Symbol All ' '
  The ghost of CrazyArbalest the Nimble, a powerful DsHu of Okawaru (Orc:1)
1 creature vanquished. All '*' 3 giant spores
3 creatures vanquished. All '3' An ice devil (IceCv)
1 creature vanquished. All '4' 2 blue devils (IceCv)
2 creatures vanquished. All '5' 6 crimson imps
6 creatures vanquished. All '8' 2 ice statues (IceCv)
2 creatures vanquished. All '@' Joseph (D:8) Jessica (D:2)
2 creatures vanquished. All 'C' A hill giant (D:10) A cyclops (Orc:2)
2 creatures vanquished. All 'D' A hydra (Lair:1) 2 steam dragons
3 creatures vanquished. All 'F' 2 spiny frogs 5 giant frogs
7 creatures vanquished. All 'G' 2 giant eyeballs
2 creatures vanquished. All 'H' 2 hippogriffs (Lair:1)
2 creatures vanquished. All 'I' 3 sky beasts 5 ice beasts
8 creatures vanquished. All 'J' 3 jellies An ooze (D:2)
4 creatures vanquished. All 'K' A big kobold (D:9) 18 kobolds
19 creatures vanquished. All 'M' A mummy (D:7)
1 creature vanquished. All 'O' 11 ogres
11 creatures vanquished. All 'P' 2 plants (D:10)
2 creatures vanquished. All 'S' 17 adders 3 ball pythons (D:5)
20 creatures vanquished. All 'T' 2 trolls
2 creatures vanquished. All 'X' An inept item mimic (D:2)
1 creature vanquished. All 'Y' 18 yaks 7 sheep
25 creatures vanquished. All 'Z' A hydra skeleton (D:6) A wyvern skeleton (D:6) A two-headed ogre zombie (D:6) A sky beast zombie (D:9) An ogre zombie (D:6) A centaur simulacrum (IceCv) An ogre simulacrum (IceCv) 5 naga simulacra (IceCv)
12 creatures vanquished. All 'a' 5 worker ants
5 creatures vanquished. All 'b' 17 bats
17 creatures vanquished. All 'c' 3 centaurs
3 creatures vanquished. All 'f' 4 ballistomycetes (D:9) 3 fungi
7 creatures vanquished. All 'g' Crazy Yiuf (D:2) Ijyb (D:1) 18 goblins 18 hobgoblins
38 creatures vanquished. All 'h' 4 wolves (Lair:1) 3 wargs 5 hounds 9 jackals
21 creatures vanquished. All 'j' A giant slug (Lair:1) 2 agate snails (Lair:1)
3 creatures vanquished. All 'k' 9 killer bees
9 creatures vanquished. All 'l' 2 iguanas (Lair:1) 13 giant geckos 4 giant newts
19 creatures vanquished. All 'o' An orc high priest (Orc:4) Urug (Orc:2) 3 orc knights 19 orc warriors Blork the orc (D:5) 14 orc priests 17 orc wizards 108 orcs
164 creatures vanquished. All 'p' 4 phantoms
4 creatures vanquished. All 'r' 2 porcupines (Lair:1) 5 quokkas 16 rats
23 creatures vanquished. All 's' A scorpion (D:9) A giant centipede (Lair:1) A giant mite (D:5) 6 giant cockroaches
9 creatures vanquished. All 't' A crocodile (Lair:2)
1 creature vanquished. All 'w' 4 worms
4 creatures vanquished. All 'z' 2 spriggan simulacra (IceCv) 5 wights (D:10) A draconian simulacrum (IceCv) A giant frog zombie (D:5) A soldier ant zombie (D:10) An iguana zombie (D:6) An adder skeleton (D:7) 3 adder zombies A giant cockroach zombie (D:6) A kobold zombie (D:6)
17 creatures vanquished.
482 creatures vanquished. Monster Nature Uniques Urug (Orc:2) Joseph (D:8) Blork the orc (D:5) Crazy Yiuf (D:2) Ijyb (D:1) Jessica (D:2)
6 creatures vanquished. Natural Monsters A hydra (Lair:1) The ghost of CrazyArbalest the Nimble, a powerful DsHu of Okawaru (Orc:1) An orc high priest (Orc:4) A hill giant (D:10) 3 orc knights A cyclops (Orc:2) 2 spiny frogs 2 trolls 18 yaks 2 hippogriffs (Lair:1) 2 steam dragons 4 wolves (Lair:1) 11 ogres 2 porcupines (Lair:1) 3 sky beasts 19 orc warriors 3 centaurs 5 ice beasts A crocodile (Lair:2) A big kobold (D:9) A giant slug (Lair:1) 5 giant frogs 2 agate snails (Lair:1) 3 wargs 9 killer bees 5 hounds 3 jellies 5 worker ants 14 orc priests 17 orc wizards 2 iguanas (Lair:1) A scorpion (D:9) 7 sheep 17 adders A giant centipede (Lair:1) A giant mite (D:5) 4 worms 2 giant eyeballs 13 giant geckos An ooze (D:2) 108 orcs 6 giant cockroaches 18 goblins 18 hobgoblins 9 jackals 18 kobolds 5 quokkas 3 ball pythons (D:5) 17 bats 4 giant newts 16 rats
418 creatures vanquished. Non-Living Monsters 2 ice statues (IceCv) An inept item mimic (D:2)
3 creatures vanquished. Undead Monsters A hydra skeleton (D:6) 4 phantoms 2 spriggan simulacra (IceCv) A wyvern skeleton (D:6) 5 wights (D:10) A draconian simulacrum (IceCv) A giant frog zombie (D:5) A two-headed ogre zombie (D:6) A soldier ant zombie (D:10) A sky beast zombie (D:9) An ogre zombie (D:6) A centaur simulacrum (IceCv) A mummy (D:7) An ogre simulacrum (IceCv) 5 naga simulacra (IceCv) An iguana zombie (D:6) An adder skeleton (D:7) 3 adder zombies A giant cockroach zombie (D:6) A kobold zombie (D:6)
34 creatures vanquished. Demonic Monsters An ice devil (IceCv) 2 blue devils (IceCv) 6 crimson imps
9 creatures vanquished. Plants 3 giant spores 4 ballistomycetes (D:9) 3 fungi 2 plants (D:10)
12 creatures vanquished.
482 creatures vanquished. Ascending Order A hydra (Lair:1) The ghost of CrazyArbalest the Nimble, a powerful DsHu of Okawaru (Orc:1) An orc high priest (Orc:4) Urug (Orc:2) An ice devil (IceCv) A hill giant (D:10) Joseph (D:8) A cyclops (Orc:2) A hydra skeleton (D:6) A crocodile (Lair:2) A big kobold (D:9) A giant slug (Lair:1) Blork the orc (D:5) A wyvern skeleton (D:6) A draconian simulacrum (IceCv) A giant frog zombie (D:5) A two-headed ogre zombie (D:6) A soldier ant zombie (D:10) Crazy Yiuf (D:2) A scorpion (D:9) A sky beast zombie (D:9) An ogre zombie (D:6) Jessica (D:2) Ijyb (D:1) A centaur simulacrum (IceCv) A mummy (D:7) An ogre simulacrum (IceCv) A giant mite (D:5) A giant centipede (Lair:1) An inept item mimic (D:2) An iguana zombie (D:6) An adder skeleton (D:7) An ooze (D:2) A giant cockroach zombie (D:6) A kobold zombie (D:6) 2 ice statues (IceCv) 2 spiny frogs 2 blue devils (IceCv) 2 trolls 2 steam dragons 2 hippogriffs (Lair:1) 2 porcupines (Lair:1) 2 spriggan simulacra (IceCv) 2 agate snails (Lair:1) 2 iguanas (Lair:1) 2 giant eyeballs 2 plants (D:10) 3 orc knights 3 sky beasts 3 centaurs 3 wargs 3 jellies 3 adder zombies 3 ball pythons (D:5) 3 giant spores 3 fungi 4 wolves (Lair:1) 4 phantoms 4 worms 4 giant newts 4 ballistomycetes (D:9) 5 ice beasts 5 giant frogs 5 wights (D:10) 5 hounds 5 worker ants 5 naga simulacra (IceCv) 5 quokkas 6 crimson imps 6 giant cockroaches 7 sheep 9 killer bees 9 jackals 11 ogres 13 giant geckos 14 orc priests 16 rats 17 orc wizards 17 adders 17 bats 18 yaks 18 kobolds 18 hobgoblins 18 goblins 19 orc warriors 108 orcs
482 creatures vanquished. The 3-digit Club 108 orcs
108 creatures vanquished.

Action                   |  1- 3 |  4- 6 |  7- 9 | 10-12 | 13-15 || total
-------------------------+-------+-------+-------+-------+-------++-------
Melee: Hand axe          |   113 |   244 |    74 |       |       ||   431
       Broad axe         |       |       |   244 |   456 |   111 ||   811
       Falchion          |       |       |     2 |       |       ||     2
Throw: Stone             |       |     6 |     7 |       |       ||    13
       Javelin           |       |       |       |     7 |       ||     7
 Abil: Dig               |     1 |     1 |     3 |     1 |       ||     6
Evoke: Wand              |       |     9 |     1 |     3 |       ||    13
  Use: Scroll            |     2 |       |    13 |     6 |       ||    21
       Potion            |       |     1 |    10 |     3 |       ||    14
